 Dungeon Crawl Stone Soup version 0.27.1-4-g1640c2035a (webtiles) character file.

Game seed: 15181033685795088995

121 Descartes the Gusty (level 4, -5/25 HPs)
             Began as a Deep Elf Wanderer on Nov 16, 2021.
             Slain by an iguana (11 damage)
             ... on level 4 of the Dungeon.
             The game lasted 00:06:23 (3809 turns).

Descartes the Gusty (Deep Elf Wanderer)             Turns: 3809, Time: 00:06:24

Health: -5/25      AC:  3    Str:  7    XL:     4   Next: 76%
Magic:  4/10       EV: 10    Int: 19    God:
Gold:   156        SH:  0    Dex: 15    Spells: 5/9 levels left

rFire    . . .     SeeInvis .   a - +2 dagger
rCold    . . .     Faith    .   (no shield)
rNeg     . . .     Spirit   .   k - +0 leather armour
rPois    .         Reflect  .   (no helmet)
rElec    .         Harm     .   (no cloak)
rCorr    .         Rampage  .   (no gloves)
Will     .....                  (no boots)
Stlth    ++........             l - amulet of the acrobat
HPRegen  0.08/turn              (no ring)
MPRegen  0.12/turn              (no ring)

@: no status effects
A: no striking features
a: no special abilities


You were on level 4 of the Dungeon.
You visited 1 branch of the dungeon, and saw 4 of its levels.

You collected 156 gold pieces.

Inventory:

Hand Weapons
 a - a +2 dagger (weapon)
 c - a +0 shortbow
 o - a +0 whip of electrocution
Missiles
 d - 25 arrows
 g - 187 stones
 n - 6 boomerangs
Armour
 k - a +0 leather armour (worn)
 m - a scarf of harm
Jewellery
 l - an amulet of the acrobat (around neck)
Scrolls
 b - 2 scrolls of fear
 f - a scroll of vulnerability {unknown}
 h - a scroll of immolation {unknown}
 i - 2 scrolls of noise {unknown}
 p - 4 scrolls of identify {unknown}
 s - 3 scrolls of summoning {unknown}
 t - a scroll of enchant armour {unknown}
Potions
 e - a potion of flight {unknown}
 j - 2 potions of heal wounds {unknown}
 q - a potion of haste {unknown}
 r - a potion of attraction {unknown}
 u - 2 potions of curing {unknown}


   Skills:
 - Level 1.5 Fighting
 - Level 1.0 Armour
 - Level 1.2 Stealth
 - Level 1.0 Shields
 - Level 3.0 Spellcasting
 + Level 2.8 Conjurations
 - Level 1.1 Translocations
 + Level 4.1 Air Magic


You had 5 spell levels left.
You knew the following spells:

 Your Spells              Type           Power      Damage    Failure   Level
a - Shock                 Conj/Air       64%        1d7       5%          1
b - Conjure Flame         Conj/Fire      8%         6-21      36%         3

Your spell library contained the following spells:

 Spells                   Type           Power      Damage    Failure   Level
 Static Discharge         Conj/Air       16%        N/A       8%          2
 Swiftness                Air            18%        N/A       12%         3
 Passwall                 Tmut/Erth      1%         N/A       32%         2
 Lightning Bolt           Conj/Air       8%         1d20      82%         5
 Invisibility             Hex            1%         N/A       100%        6
 Maxwell's Capacitive Co  Air            9%         ∞         100%        8


Dungeon Overview and Level Annotations

Branches:
Dungeon (4/15)
 Temple: D:4-7

Altars:


Message History

Aim: an adder (almost dead, 53% to hit)
The zap hits the adder.
The adder is almost dead.
You feel sick. The adder bites you.
You are more poisoned.
The adder poisons you!
Casting: Shock (safe; 5% risk of failure)
Confirm with . or Enter, or press ? or * to list all spells.
Aiming: Shock (safe; 5% risk of failure)
Press: ? - help, Shift-Dir - straight line, f/p - adder
Aim: an adder (almost dead, 53% to hit)
The zap hits the adder.
You kill the adder!
You feel sick.
You feel sick.
You feel sick.
You feel sick.
You feel sick.
You feel sick.
You feel sick.
You feel sick.
You are no longer poisoned.
An iguana comes into view.
Casting: Shock (safe; 5% risk of failure)
Confirm with . or Enter, or press ? or * to list all spells.
Aiming: Shock (safe; 5% risk of failure)
Press: ? - help, Shift-Dir - straight line, f - iguana
Aim: an iguana (wandering, hasn't noticed you, 75% to hit)
The zap hits the iguana.
The iguana is moderately wounded.
The iguana hisses angrily.
Casting: Shock (safe; 5% risk of failure)
Confirm with . or Enter, or press ? or * to list all spells.
Aiming: Shock (safe; 5% risk of failure)
Press: ? - help, Shift-Dir - straight line, f/p - iguana
Aim: an iguana (moderately wounded, 75% to hit)
The zap hits the iguana but does no damage.
The iguana is moderately wounded.
The iguana bites you!
You die...

### ### ..# ...
#.# #.## #.# ...
#.# #.####.#
#.@....##########
#l####......†...#
... #.########.##
..... #.# #...#
#..... ..# #<..#
#..... .... #...#
#..#.#. ##...
#.### ..##.##
##.. #.# .... #.#


You could see an iguana.

Vanquished Creatures
  6 adders
  A worm (D:2)
  2 dart slugs
  7 ball pythons
  3 endoplasms
  A giant cockroach (D:2)
  4 goblins
  A hobgoblin (D:1)
  4 jackals (D:1)
  4 quokkas
  6 bats
  3 frilled lizards
  11 kobolds
  8 rats
  A spectral hobgoblin (D:2)
62 creatures vanquished.

Notes
Turn   | Place    | Note
-------+----------+-------------------------------------------
     0 | D:1      | Descartes the Deep Elf Wanderer began the quest for the
                  | Orb.
     0 | D:1      | Descartes set off with the following items: a +2 dagger, a
                  | scroll of fear, a +0 shortbow, 25 arrows, a +0 robe; and
                  | the following spell memorised: Shock; and the following
                  | spells available to memorise: Conjure Flame
     0 | D:1      | Reached XP level 1. HP: 12/12 MP: 6/6
   193 | D:1      | Reached skill level 1 in Air Magic
   538 | D:1      | Reached XP level 2. HP: 16/16 MP: 2/8
   737 | D:1      | Reached skill level 2 in Air Magic
  1303 | D:2      | Found a faded altar of an unknown god.
  1504 | D:2      | Reached XP level 3. HP: 20/20 MP: 7/9
  1661 | D:2      | Reached skill level 3 in Air Magic
  2390 | D:2      | Reached XP level 4. HP: 21/25 MP: 3/10
  2633 | D:3      | Learned a level 3 spell: Conjure Flame
  3139 | D:3      | Reached skill level 4 in Air Magic
  3809 | D:4      | Slain by an iguana

Illustrated notes

Levels and vault maps discovered:
D:1:      elethiomel_arrival_maze, layout_loops_ring
D:2:      layout_basic, dreamdust_ecumenical_altar_drowned_temple, minivault_4,
          minmay_fractal_squares_5
D:3:      minmay_door_path, layout_loops_corners, dk_vineyard_3
D:4:      layout_loops_ring, minmay_temple_entry_waves, serial_shops,
          nicolae_shop_stone

Skill      XL: |  1  2  3  4 |
---------------+-------------+-----
Air Magic      | 1 2 3 4 |  4.1
Fighting       | |  1.5
Armour         | |  1.0
Stealth        | |  1.2
Shields        | |  1.0
Spellcasting   | |  3.0
Conjurations   | |  2.8
Translocations | |  1.1

Action                   |  1- 3 |  4- 6 || total
-------------------------+-------+-------++-------
Melee: Dagger            |     1 |       ||     1
 Cast: Shock             |   106 |    43 ||   149
Armor: Leather armour    |     4 |     2 ||     6
Dodge: Dodged            |     6 |     8 ||    14
